 Dungeon Crawl Stone Soup version 0.15-a0-1472-ge546950 (webtiles) character file.

2648 MackTheKnife the Conjurer (level 9, -1/57 HPs)
             Began as a Human Wizard on June 9, 2014.
             Was a Believer of Ashenzari.
             Slain by an orc priest
             ... wielding a +1,+0 long sword
              (7 damage)
             ... on Level 6 of the Dungeon on June 13, 2014.
             The game lasted 00:27:42 (9625 turns).

MackTheKnife the Conjurer (Human Wizard)            Turns: 9625, Time: 00:27:42

HP  -1/57        AC  4     Str 14      XL: 9   Next: 93%
MP  18/25        EV 12     Int 21      God: Ashenzari [**....]
Gold 413         SH  0     Dex 11      Spells:  6 memorised, 11 levels left

rFire  . . .     SeeInvis .     h - +2,+1 hand axe (freeze) (curse)
rCold  . . .     Clarity  +     a - +0 robe
rNeg   . . .     rCorr    .     (no shield)
rPois  .         rRot     .     t - +0 helmet
rElec  .         Spirit   .     (no cloak)
SustAb .         Warding  .     l - +0 pair of gloves
rMut   .         Stasis   .     (no boots)
Gourm  .                        p - amulet of clarity
MR     .....                    D - cursed ring of invisibility
                                v - cursed ring of flight

@: mighty, not resistant to hostile enchantments, unstealthy
A: no striking features
a: Renounce Religion, Evoke Invisibility, Evoke Flight


You were on level 6 of the Dungeon.
You worshipped Ashenzari.
Ashenzari was pleased with you.
You were near starving.

You visited 1 branch of the dungeon, and saw 6 of its levels.

You collected 413 gold pieces.


   Skills:
 - Level 2.0 Dodging
 - Level 2.0 Stealth
 + Level 8.1 Spellcasting
 + Level 8.2(9.7) Conjurations
 - Level 2.0(3.2) Summonings
 - Level 1.0(1.9) Translocations
 - Level 3.3(4.6) Fire Magic
 - Level 2.2(3.4) Air Magic
 - Level 2.3(3.5) Poison Magic


You had 11 spell levels left.
You knew the following spells:

 Your Spells              Type           Power        Failure   Level  Hunger
b - Blink                 Tloc           N/A          8%          2    None
c - Mephitic Cloud        Conj/Pois/Air  ####....     2%          3    None
d - Repel Missiles        Chrm/Air       ###...       8%          2    None
x - Call Imp              Summ           ###.....     3%          2    None
y - Conjure Flame         Conj/Fire      #####...     1%          3    None
z - Magic Dart            Conj           ####         1%          1    None

Inventory:

Hand weapons
 d - a +6,+6 antimagic scythe
 h - a cursed +2,+1 hand axe of freezing (weapon)
Armour
 a - a +0 robe (worn)
 l - a +0 pair of gloves (worn)
 t - a +0 helmet (worn)
Magical devices
 f - a wand of fireball (3)
 o - a wand of enslavement (7)
 y - a wand of frost (14)
Comestibles
 j - 2 slices of pizza
 k - 4 fruits
 m - a meat ration
 x - 2 bread rations
 B - 4 beef jerkies
Scrolls
 e - a scroll of teleportation
 n - a scroll of recharging
 q - a scroll of remove curse
 s - a scroll of amnesia
 C - 4 scrolls of curse armour
 E - a scroll of immolation {!r}
 F - 2 scrolls of curse weapon
 H - a scroll of fear
 I - a scroll of identify
Jewellery
 p - an amulet of clarity (around neck)
 v - a cursed ring of flight (left hand)
 D - a cursed ring of invisibility (right hand)
Potions
 g - a potion of agility
 i - a potion of lignification {unknown}
 r - 2 potions of flight
 u - 2 potions of haste
 w - a potion of might
 z - 3 potions of brilliance
Books
 c - a book of Minor Magic

   Spells                             Type                      Level
   *Magic Dart                        Conjuration                  1
   *Blink                             Translocation                2
   *Call Imp                          Summoning                    2
   *Repel Missiles                    Charms/Air                   2
   Slow                               Hexes                        2
   *Conjure Flame                     Conjuration/Fire             3
   *Mephitic Cloud                    Conjuration/Poison/Air       3
 G - a book of Wizardry

   Spells                             Type                      Level
   Agony                              Necromancy                   5
   Force Lance                        Conjuration                  5
   Dispersal                          Translocation                6
   Haste                              Charms                       6
   Invisibility                       Hexes                        6
   Spellforged Servitor               Conjuration/Summoning        7

▒▒▒▒▒·▒▒▒▒▒▒▒▒·············M·▒▒▒▒
▒·························)······
······▒▒▒▒▒▒▒▒·▒▒············▒▒▒▒
▒·▒▒▒▒▒▒▒▒▒▒▒▒·▒▒··▒▒▒·▒▒▒▒··▒
···············▒▒)·▒ ▒5▒ ▒··▒
··▒▒▒▒▒▒▒▒·········▒ ▒·▒ ▒··▒ ▒▒▒
▒······▒▒▒))▒▒▒·▒ ▒··▒ ▒
▒·▒▒▒▒···))·%)··▒ ▒··▒ ▒ ▒·▒
▒··op·)··((▒ ▒··▒ ▒ ▒·▒
▒·▒▒▒·▒▒▒▒(▒▒▒▒··▒▒▒▒ ▒ ▒·▒ ▒·▒
▒)▒ ▒······<···· ▒ ▒·▒ ▒·▒ ▒·▒
▒·▒▒▒▒··▒▒▒· ▒·▒ ▒·▒
▒·▒▒▒▒·▒▒▒▒··▒ ▒· ▒·▒ ▒·▒
▒···········?▒ ▒· ▒·▒ ▒·▒
▒▒▒▒▒▒·▒▒▒▒▒·▒ ▒· ▒·▒ ▒·▒
▒·······▒ ▒· ▒ ▒▒▒▒▒·▒ ▒·▒
▒·▒▒▒▒▒▒▒ ▒·


You could see an orc priest.


Message History

The orc priest invokes the aid of Beogh against you.
Pain shoots through your body!
* * * LOW HITPOINT WARNING * * *
Aiming: Magic Dart
Aim: an orc priest, wielding a +1,+0 long sword and wearing an uncursed plate armour (severely wounded)
The magic dart hits the orc priest.
The orc priest is severely wounded.
The orc priest hits you with a +1,+0 long sword!
* * * LOW HITPOINT WARNING * * *
Aiming: Magic Dart
Aim: an orc priest, wielding a +1,+0 long sword and wearing an uncursed plate armour (severely wounded)
The magic dart hits the orc priest.
The orc priest is severely wounded.
The orc priest closely misses you.
Aiming: Magic Dart
Aim: an orc priest, wielding a +1,+0 long sword and wearing an uncursed plate armour (severely wounded)
The magic dart hits the orc priest.
The orc priest is severely wounded.
The orc priest hits you with a +1,+0 long sword!
* * * LOW HITPOINT WARNING * * *
Aiming: Magic Dart
Aim: an orc priest, wielding a +1,+0 long sword and wearing an uncursed plate armour (severely wounded)
The magic dart hits the orc priest.
The orc priest is severely wounded.
The orc priest hits you with a +1,+0 long sword.
* * * LOW HITPOINT WARNING * * *
Drink which item? (? for menu, Esc to quit)
You feel very mighty all of a sudden.
The orc priest hits you with a +1,+0 long sword!
You die...

Action                   |  1- 3 |  4- 6 |  7- 9 || total
-------------------------+-------+-------+-------++-------
Melee: Hand axe          |   159 |   122 |   145 ||   426
       Dagger            |     3 |       |       ||     3
 Cast: Magic Dart        |    26 |    38 |   173 ||   237
       Call Imp          |     6 |    14 |    45 ||    65
       Conjure Flame     |       |     5 |    17 ||    22
       Mephitic Cloud    |       |       |    20 ||    20
Evoke: Wand              |     1 |     1 |       ||     2
  Use: Scroll            |     7 |     8 |     9 ||    24
       Potion            |       |       |    12 ||    12
 Stab: Sleeping          |     4 |     2 |       ||     6
       Distracted        |       |       |     2 ||     2
       Confused          |       |       |     1 ||     1

Vault maps used:
D:1:      minmay_arrival_plants_in_alcoves, minmay_gold_behind_plants,
          minmay_rat_gold_closets
D:2:      evilmike_ruin_ashenzari, lemuel_crystal_altar
D:4:      kennysheep_six_static_rooms, cheibriados_altar_1, uniq_grinder
D:5:      first_bread, serial_shops, nicolae_shop_crystal, uniq_duvessa
D:6:      nicolae_overflow_hidden_temple, st_stairs_14, uniq_menkaure,
          uniq_sigmund

Notes
Turn   | Place    | Note
--------------------------------------------------------------
     0 | D:1      | MackTheKnife, the Human Wizard, began the quest for the Orb.
     0 | D:1      | Reached XP level 1. HP: 13/13 MP: 4/4
   541 | D:1      | Reached XP level 2. HP: 19/19 MP: 0/6
   612 | D:1      | Learned a level 2 spell: Call Imp
  1311 | D:2      | Reached XP level 3. HP: 24/24 MP: 2/8
  1419 | D:2      | Found a shattered altar of Ashenzari.
  1449 | D:2      | Reached skill level 2 in Conjurations
  1455 | D:2      | Became a worshipper of Ashenzari the Shackled
  1815 | D:2      | Reached skill level 2 in Summonings
  1995 | D:2      | Reached XP level 4. HP: 21/30 MP: 10/10
  2060 | D:2      | Found a blossoming altar of Fedhas.
  2884 | D:4      | Learned a level 3 spell: Conjure Flame
  2995 | D:4      | Reached XP level 5. HP: 16/35 MP: 4/12
  3230 | D:4      | Noticed a big kobold
  3249 | D:4      | Killed a big kobold
  3249 | D:4      | Reached skill level 4 in Spellcasting
  3249 | D:4      | Reached skill level 3 in Conjurations
  3249 | D:4      | Reached skill level 1 in Fire Magic
  3664 | D:4      | Reached XP level 6. HP: 41/41 MP: 15/15
  3766 | D:4      | Reached skill level 2 in Fire Magic
  3873 | D:4      | Noticed an ogre
  3888 | D:4      | Killed an ogre
  3991 | D:4      | Reached skill level 4 in Conjurations
  4260 | D:4      | Reached XP level 7. HP: 32/46 MP: 13/17
  4284 | D:4      | Learned a level 3 spell: Mephitic Cloud
  4319 | D:4      | Found a snail-covered altar of Cheibriados.
  4461 | D:4      | Found a staircase to the Ecumenical Temple.
  4823 | D:4      | Noticed Grinder
  4831 | D:4      | Paralysed by Grinder for 7 turns
  4850 | D:4      | Paralysed by Grinder for 4 turns
  4856 | D:4      | Paralysed by Grinder for 6 turns
  4859 | D:4      | HP: 3/46 [Grinder (9)]
  4863 | D:4      | Killed Grinder
  4863 | D:4      | Reached skill level 5 in Spellcasting
  4863 | D:4      | Reached skill level 3 in Fire Magic
  5217 | D:4      | Noticed a phantom
  5233 | D:4      | Killed a phantom
  5233 | D:4      | Reached skill level 1 in Poison Magic
  5653 | D:4      | Reached skill level 1 in Air Magic
  6020 | D:5      | Entered Level 5 of the Dungeon
  6073 | D:4      | Upgraded the game from 0.15-a0-1363-g87d8b17 to 0.15-a0-1403-g2cecdf4
  6105 | D:4      | Noticed a tengu reaver
  6122 | D:5      | Reached XP level 8. HP: 52/52 MP: 11/20
  6357 | D:5      | Reached skill level 5 in Conjurations
  6357 | D:5      | Reached skill level 2 in Air Magic
  6357 | D:5      | Reached skill level 2 in Poison Magic
  7146 | D:5      | Found Briosk's Food Shop.
  7222 | D:5      | Reached skill level 6 in Spellcasting
  7281 | D:5      | Learned a level 2 spell: Blink
  7284 | D:5      | Learned a level 2 spell: Repel Missiles
  7478 | D:5      | Reached skill level 6 in Conjurations
  7499 | D:5      | Noticed Duvessa
  7500 | D:5      | Noticed Dowan
  7717 | D:5      | Killed Duvessa
  7717 | D:5      | Reached XP level 9. HP: 46/57 MP: 8/23
  7728 | D:5      | Killed Dowan
  8091 | D:6      | Noticed Sigmund
  8096 | D:6      | Noticed ilii's ghost (experienced HOGl)
  8109 | D:6      | Killed ilii's ghost
  8109 | D:6      | Reached skill level 7 in Spellcasting
  8109 | D:6      | Reached skill level 7 in Conjurations
  8141 | D:6      | Killed Sigmund
  8206 | D:6      | Found a glowing golden altar of the Shining One.
  9083 | D:6      | Acquired Ashenzari's first power
  9093 | D:6      | Noticed Menkaure
  9154 | D:5      | Upgraded the game from 0.15-a0-1403-g2cecdf4 to 0.15-a0-1439-g2e54579
  9367 | D:5      | Upgraded the game from 0.15-a0-1439-g2e54579 to 0.15-a0-1472-ge546950
  9404 | D:6      | Killed Menkaure
  9404 | D:6      | Reached skill level 8 in Conjurations
  9461 | D:6      | Reached skill level 8 in Spellcasting
  9625 | D:6      | Slain by an orc priest

Vanquished Creatures
  The ghost of ilii the Cleaver, an experienced HOGl of Kikubaaqudgha (D:6)
  Menkaure (D:6)
  3 orc warriors (D:6)
  A black bear (D:6)
  A phantom (D:4)
  5 ogres
  Sigmund (D:6)
  Duvessa (D:5)
  A big kobold (D:4)
  A giant frog (D:6)
  3 scorpions
  3 killer bees (D:5)
  Dowan (D:5)
  A crimson imp (D:5)
  A giant frog zombie (D:5)
  A jelly (D:6)
  An orc wizard (D:6)
  2 worker ants
  2 hound skeletons (D:4)
  4 gnolls (D:4)
  2 shadow imps (D:5)
  3 adders
  2 worms
  3 giant geckos
  An ooze (D:2)
  11 orcs
  A bat skeleton (D:4)
  5 giant cockroaches
  12 goblins
  9 hobgoblins
  4 jackals
  14 kobolds
  4 quokkas
  10 bats
  3 giant newts
  A kobold skeleton (D:5)
  An orc zombie (D:6)
  17 rats
  A rat skeleton (D:4)
  A plant (D:1)
140 creatures vanquished.

Vanquished Creatures (collateral kills)
  Grinder (D:4)
  An ice beast (D:5)
  An ogre (D:5)
  A centaur (D:5)
  A scorpion (D:4)
  A crimson imp (D:5)
  A goliath beetle (D:6)
  An orc priest (D:5)
  2 worker ants
  An iguana (D:4)
  An ogre skeleton (D:4)
  A hound skeleton (D:5)
  2 adders (D:3)
  A giant gecko (D:1)
  2 orcs (D:6)
  A giant cockroach (D:2)
  A goblin (D:1)
  3 jackals (D:2)
  A kobold (D:2)
  A quokka (D:5)
  4 bats
  A rat (D:1)
30 creatures vanquished.

Vanquished Creatures (others)
  3 crimson imps
  A shadow imp (D:4)
  A white imp (D:4)
5 creatures vanquished.

Grand Total: 175 creatures vanquished
